 Dungeon Crawl Stone Soup version 0.30-a0-136-gea98e250e0 (webtiles) character file.

Game seed: 599575548382569032

416 Dreamer the Changer (level 6, 0/57 HPs)
             Began as an Octopode Transmuter on Sept 21, 2022.
             Slain by a shadow imp (3 damage)
             ... on level 6 of the Dungeon.
             The game lasted 00:15:06 (5755 turns).

Dreamer the Changer (Octopode Transmuter)           Turns: 5755, Time: 00:15:07

Health: 0/57       AC: 23    Str: 14    XL:     6   Next: 92%
Magic:  9/9        EV:  2    Int: 16    God:
Gold:   240        SH:  0    Dex: 11    Spells: 4/9 levels left

rFire   . . .      SeeInvis .    m - +3 short sword
rCold   . . .      Faith    .    (no shield)
rNeg    . . .      Spirit   .    (helmet currently unavailable)
rPois   +          Reflect  .    (no amulet)
rElec   .          Harm     .    l - +4 ring of evasion
rCorr   .          Rampage  .    (no ring)
Will    .....      NoTele   +    (no ring)
Stlth   +.........               (no ring)
HPRegen 0.19/turn                (no ring)
MPRegen 0.11/turn                (no ring)
                                 (no ring)
                                 (no ring)

@: tree-form
A: stationary, stasis, torment immunity, boosted hp, almost no armour,
(amphibious), 8 rings, (camouflage 1), (gelatinous body 1), (nimble swimmer 1),
(tentacles), strong 1
a: no special abilities


You were on level 6 of the Dungeon.
You were a tree.
You visited 1 branch of the dungeon, and saw 6 of its levels.

You collected 240 gold pieces.

Inventory:

Hand Weapons
 m - a +3 short sword (weapon)
Jewellery
 l - a +4 ring of evasion (left branch)
Wands
 n - a wand of polymorph (9)
 o - a wand of light (8)
 s - a wand of digging (6)
Scrolls
 b - a scroll of magic mapping {unknown}
 g - a scroll of enchant armour {unknown}
 h - a scroll of blinking {unknown}
 j - 2 scrolls of fog {unknown}
 k - a scroll of identify
 p - 2 scrolls of vulnerability {unknown}
 q - a scroll of torment {unknown}
 r - a scroll of teleportation {unknown}
Potions
 c - 2 potions of attraction
 d - a potion of brilliance
 e - 3 potions of flight
 f - 6 potions of curing
 i - a potion of might


   Skills:
 - Level 1.0 Fighting
 - Level 2.0 Dodging
 - Level 3.0 Unarmed Combat
 - Level 2.0 Spellcasting
 * Level 6.3 Transmutations
 - Level 3.0 Ice Magic


You had 4 spell levels left.
You knew the following spells:

 Your Spells              Type           Power      Damage    Failure   Level
a - Beastly Appendage     Tmut           44%        N/A       1%          1
b - Ice Form              Ice/Tmut       16%        N/A       30%         4

Your spell library contained the following spells:

 Spells                   Type           Power      Damage    Failure   Level
 Wereblood                Tmut           22%        N/A       2%          2
 Sting                    Tmut/Pois      44%        1d5       5%          1
 Spider Form              Tmut/Pois      11%        N/A       17%         3
 Magic Dart               Conj           4%         1d3       21%         1
 Call Imp                 Summ           1%         N/A       30%         2
 Poisonous Vapours        Pois/Air       2%         N/A       30%         2
 Call Canine Familiar     Summ           1%         N/A       52%         3
 Dazzling Flash           Conj/Hex       2%         N/A       52%         3
 Kindle Blastsparks       Fire/Tloc/Air  2%         2d10      52%         3
 Mephitic Cloud           Conj/Pois/Air  1%         N/A       52%         3
 Portal Projectile        Hex/Tloc       2%         N/A       52%         3
 Fulminant Prism          Conj/Hex       0%         3d6       90%         4
 Iskenderun's Mystic Bla  Conj/Tloc      1%         2d3       90%         4
 Leda's Liquefaction      Hex/Erth       0%         N/A       90%         4
 Olgreb's Toxic Radiance  Pois           1%         N/A       90%         4
 Lee's Rapid Deconstruct  Erth           0%         3d5*      99%         5
 Summon Forest            Summ/Tloc      0%         N/A       99%         5
 Summon Mana Viper        Hex/Summ       1%         N/A       99%         5
 Starburst                Conj/Fire      0%         6d3       100%        6
 Summon Cactus Giant      Summ           0%         N/A       100%        6


Dungeon Overview and Level Annotations

Branches:
Dungeon (6/15)
 Temple: D:4-7

Altars:
Dithmenos
Gozag
Uskayaw

Shops:
D:5 *

Annotations:
D:4 1 runed translucent door, exclusions: door and ogre, Crazy Yiuf


Innate Abilities, Weirdness & Mutations

You are a tree.
Your roots penetrate the ground, keeping you stationary.
You cannot be teleported.
You are immune to unholy pain and torment.
Your maximum health is greatly increased.
You cannot wear most types of armour.
((You are amphibious.))
You can wear up to eight rings at the same time.
((Your skin changes colour to match your surroundings (Stealth+).))
((Your rubbery body absorbs attacks. (AC +1, EV +1)))
((You are camouflaged when in or above water. (Stealth+)))
((You have tentacles for arms and can constrict up to eight enemies at once.))
Your muscles are strong. (Str +4, Int/Dex -1)


Message History

The shadow imp hits you but does no damage.
The ogre hits you with a +0 giant club. The jelly hits you but does no damage.
You hit the ogre.
The ogre is heavily wounded.
The shadow imp hits you but does no damage.
The jelly hits you but does no damage.
You hit the ogre.
The ogre is heavily wounded.
The ogre hits you with a +0 giant club!
* * * LOW HITPOINT WARNING * * *
The shadow imp hits you but does no damage.
The jelly hits you but does no damage.
You hit the ogre.
The ogre is severely wounded.
The shadow imp hits you but does no damage.
The ogre barely misses you. The jelly hits you but does no damage.
You hit the ogre but do no damage. You punch the ogre, but do no damage.
The ogre is severely wounded.
The shadow imp hits you but does no damage.
The jelly barely misses you.
You hit the ogre.
The ogre is almost dead.
The ogre hits you but does no damage.
The shadow imp hits you but does no damage.
The jelly hits you but does no damage.
You hit the ogre.
You kill the ogre!
The jelly hits you but does no damage.
The shadow imp hits you but does no damage.
Your Transmutations skill increases to level 6!
You hit the jelly.
Your branches burn!
* * * LOW HITPOINT WARNING * * *
The jelly is moderately wounded.
The shadow imp barely misses you. The jelly hits you but does no damage.
You puncture the jelly!
Your branches burn!
* * * LOW HITPOINT WARNING * * *
You punch the jelly.
The jelly is almost dead.
The shadow imp hits you.
You die...

..#### ..
..... ..
#####.... ..
#.......##.
#.........
.........
......5J##.#
#.♣)..#
#.........#
#.....##...###
###.#. #### #
#


You could see a jelly and a shadow imp.

Vanquished Creatures
  An ogre (D:6)
  A phantom (D:5)
  A howler monkey (D:5)
  An orc priest (D:4)
  Terence (D:2)
  An iguana (D:5)
  6 adders
  2 worms (D:2)
  2 dart slugs
  8 orcs
  4 ball pythons
  4 bats
  3 endoplasms
  5 giant cockroaches
  9 goblins
  6 hobgoblins
  2 jackals (D:2)
  8 kobolds
  4 quokkas
  6 frilled lizards
  4 rats
79 creatures vanquished.

Notes
Turn   | Place    | Note
-------+----------+-------------------------------------------
     0 | D:1      | Dreamer the Octopode Transmuter began the quest for the
                  | Orb.
     0 | D:1      | Reached XP level 1. HP: 13/13 MP: 3/3
   251 | D:1      | Reached XP level 2. HP: 15/18 MP: 3/5
   532 | D:1      | Reached skill level 1 in Ice Magic
   816 | D:1      | Found a faded altar of an unknown god.
  1112 | D:2      | Reached skill level 3 in Transmutations
  1232 | D:2      | Reached XP level 3. HP: 23/23 MP: 4/6
  1806 | D:2      | Noticed Terence
  2250 | D:3      | Reached XP level 4. HP: 25/28 MP: 5/7
  2621 | D:3      | Reached skill level 4 in Transmutations
  2770 | D:3      | Found a hide-covered altar of Uskayaw.
  2893 | D:3      | Found a shadowy altar of Dithmenos.
  2894 | D:3      | Found an opulent altar of Gozag.
  3392 | D:3      | Learned a level 4 spell: Ice Form
  3500 | D:2      | Killed Terence
  3501 | D:2      | Reached XP level 5. HP: 14/33 MP: 8/8
  4030 | D:4      | Noticed an ogre
  4136 | D:4      | Found a runed translucent door.
  4137 | D:4      | Noticed Crazy Yiuf
  4503 | D:5      | Entered Level 5 of the Dungeon
  4503 | D:5      | Noticed a phantom
  4791 | D:5      | Reached skill level 5 in Transmutations
  4791 | D:5      | Reached XP level 6. HP: 38/38 MP: 7/9
  4798 | D:5      | Gained mutation: You are partially covered in iridescent
                  | scales. (AC +2) [potion of mutation]
  4799 | D:5      | Lost mutation: You are partially covered in iridescent
                  | scales. (AC +2) [potion of mutation]
  4799 | D:5      | Gained mutation: Your muscles are strong. (Str +4, Int/Dex
                  | -1) [potion of mutation]
  5355 | D:5      | Found Reugucid's Overcharged Wands.
  5590 | D:6      | Noticed a black bear
  5754 | D:6      | Reached skill level 6 in Transmutations
  5755 | D:6      | Slain by a shadow imp

Illustrated notes

Levels and vault maps discovered:
D:1:      minmay_arrival_three_doors, layout_basic,
          dreamdust_ecumenical_altar_hidden_monk_grotto
D:2:      layout_basic, uniq_terence
D:3:      layout_basic, nicolae_uskayaw_murder_on_the_dancefloor,
          nicolae_overflow_two_pavilions
D:4:      layout_basic, uniq_crazy_yiuf_cottage
D:5:      cheibrodos_iron_armory, layout_basic, nicolae_shop_overcharged_wands
D:6:      layout_cave_pools, mainiacjoe_overflow_alcove_3,
          minmay_temple_entry_statues_pillars, grunt_ministairs_7, uniq_grinder,
          uniq_edmund

Skill      XL: |  1  2  3  4  5  6 |
---------------+-------------------+-----
Ice Magic      | 1 2 3 |  3.0
Transmutations | 3 4 5 6 |  6.3
Fighting       | |  1.0
Dodging        | |  2.0
Unarmed Combat | |  3.0
Spellcasting   | |  2.0

Action                   |  1- 3 |  4- 6 || total
-------------------------+-------+-------++-------
Melee: Unarmed           |    69 |       ||    69
       Kick              |    16 |    24 ||    40
       Constrict         |    26 |    20 ||    46
       Tentacles         |    18 |    24 ||    42
       Punch             |     3 |     5 ||     8
       Short sword       |    17 |   104 ||   121
 Cast: Beastly Appendage |    18 |     9 ||    27
  Use: Potion            |       |     4 ||     4
       Scroll            |       |     6 ||     6
 Stab: Sleeping          |     3 |     5 ||     8
Armor: Skin              |     6 |    16 ||    22
Dodge: Dodged            |    47 |    50 ||    97

Table legend: (Time is in decaauts)
 A = Elapsed time spent in this place.
 B = Non-inter-level travel time spent in this place.
 C = Inter-level travel time spent in this place.
 D = Time resting spent in this place.
 E = Time spent auto-exploring this place.
 F = Levels seen in this place.
 G = Mean time per level.
                   A        B        C        D        E       F      G
               +--------+--------+--------+--------+--------+-----+--------+
         Total |   5753 |   5380 |    373 |    508 |   4057 |   6 |  958.8 |
       Dungeon |   5753 |   5380 |    373 |    508 |   4057 |   6 |  958.8 |
               +--------+--------+--------+--------+--------+-----+--------+

Top non-repeatable levels by time:
     D:3: 1324 daAuts
     D:5: 1195 daAuts
     D:2: 1169 daAuts
     D:1: 1029 daAuts
     D:4: 1016 daAuts
     D:6: 19 daAuts
